 Dungeon Crawl Stone Soup version 0.31.0-12-g77e489cdc1 (webtiles) character file.

Game seed: 2473146188797912123

151 hawla the Shield-Bearer (level 5, -7/49 HPs)
             Began as a Minotaur Fighter on Feb 19, 2024.
             Killed by nerve-wracking pain
             ... invoked by Grinder
              (14 damage)
             ... on level 3 of the Dungeon.
             The game lasted 00:03:29 (1113 turns).

hawla the Shield-Bearer (Minotaur Fighter)          Turns: 1113, Time: 00:03:30

Health: -7/49      AC:  8    Str: 21    XL:     5   Next: 10%
Magic:  4/4        EV: 12    Int:  5    God:
Gold:   74         SH:  7    Dex: 17    Spells: 4/4 levels left

rFire   . . .        a - +0 long sword
rCold   . . .        c - +1 buckler
rNeg    . . .        b - +0 scale mail
rPois   .            (helmet restricted)
rElec   .            e - scarf {repulsion}
rCorr   .            (no gloves)
SInv    .            o - +0 pair of boots
Will    .....        (no amulet)
Stlth   +            f - +6 ring of dexterity
HPRegen 0.00/turn    (no ring)
MPRegen 0.09/turn

%: repel missiles
@: mighty, inhibited regen
A: horns 2, retaliatory headbutt, robust 1, inhibited regeneration, sturdy frame
1
a: no special abilities


You were on level 3 of the Dungeon.
You visited 1 branch of the dungeon, and saw 3 of its levels.

You collected 119 gold pieces.
You spent 45 gold pieces at shops.

Inventory:

Hand Weapons
 a - a +0 long sword (weapon)
Armour
 b - a +0 scale mail (worn)
 c - a +1 buckler (worn)
 e - a scarf of repulsion (worn)
 o - a +0 pair of boots (worn)
Jewellery
 f - a +6 ring of dexterity (left hand)
Scrolls
 h - 3 scrolls of poison
Potions
 g - a potion of curing


   Skills:
 - Level 3.6 Fighting
 - Level 2.4 Long Blades
 - Level 3.6 Armour
 + Level 4.3 Dodging
 - Level 5.0 Shields


You had 4 spell levels left.
You didn't know any spells.
Your spell library was empty.

Dungeon Overview and Level Annotations

Branches:
Dungeon (3/15)

Altars:

Shops:
D:2 [

Annotations:
D:3 Grinder


Innate Abilities, Weirdness & Mutations

You have a pair of horns on your head.
You reflexively headbutt those who attack you in melee.
You are robust. (+10% HP)
You do not regenerate when monsters are visible.
Your movements are slightly less encumbered by armour. (ER -2)


Message History

It was a scroll of noise.
You hear an angry hiss.
You hear a shout! x3; You hear a loud squeak.
You hear a shout!
Grinder blinks!
Things that are here:
a +0 spear; a gnoll corpse Grinder blinks!
Grinder blinks!
Found 12 gold pieces.
Grinder says, "You look like you could use a good racking."
Grinder gestures at you.
You suddenly lose the ability to move!
Grinder gestures at you. You resist with significant effort.
You can move again.
It was a potion of curing.
You feel better.
You aren't carrying any items that you can evoke.
Grinder gestures at you. Pain shoots through your body!
Grinder gestures at you. Pain shoots through your body!
Unknown command.
It was a potion of mutation.
You feel extremely strange.
Your regeneration stops near monsters.
You feel robust.
You feel less encumbered by your armour.
Grinder gestures at you.
You suddenly lose the ability to move!
You can move again.
You feel very mighty all of a sudden. Grinder gestures at you.
Pain shoots through your body! Grinder gestures at you.
Pain shoots through your body!
* * * LOW HITPOINT WARNING * * *
Grinder hits you but does no damage.
You barely miss Grinder. Grinder gestures at you.
Pain shoots through your body!
You die...
Grinder says, "Now the real fun starts!"

#.# #.# #...$# ..
#.# #....# .# #.#
#....# .#
#####.#####....# .#
#..............#
####........##....#
.)..........##....#
#).)........##.5..#
..##........##..@.#
#...############.##
###. #.# # ##. #.#
# ## #.# #.# #.#
#.# #.#


You could see Grinder.

Vanquished Creatures
  A howler monkey (D:3)
  Jessica (D:2)
  4 gnolls (D:3)
  A dart slug (D:1)
  2 ribbon worms (D:2)
  6 ball pythons
  4 bats
  5 endoplasms
  4 goblins
  A hobgoblin (D:1)
  5 jackals
  2 quokkas
  2 frilled lizards
  3 rats
41 creatures vanquished.

Notes
Turn   | Place    | Note
-------+----------+-------------------------------------------
     0 | D:1      | hawla the Minotaur Fighter began the quest for the Orb.
     0 | D:1      | Reached XP level 1. HP: 19/19 MP: 0/0
    83 | D:1      | Reached skill level 4 in Shields
   178 | D:1      | Reached XP level 2. HP: 26/26 MP: 1/1
   597 | D:2      | Reached skill level 5 in Shields
   616 | D:2      | Found a faded altar of an unknown god.
   665 | D:2      | Reached XP level 3. HP: 25/31 MP: 2/2
   717 | D:2      | Found Ladghacu's Armour Boutique.
   782 | D:2      | Reached skill level 1 in Dodging
   803 | D:2      | Noticed Jessica
   809 | D:2      | Killed Jessica
   829 | D:2      | Identified the +2 sling "Fygushym" {elec, rElec Str-2
                  | Int+4}
   970 | D:2      | Bought a +0 pair of boots for 45 gold pieces
  1005 | D:3      | Reached XP level 4. HP: 39/39 MP: 3/3
  1057 | D:3      | Reached XP level 5. HP: 31/45 MP: 4/4
  1071 | D:3      | Noticed Grinder
  1103 | D:3      | Paralysed by Grinder for 2 turns
  1108 | D:3      | Gained mutation: You do not regenerate when monsters are
                  | visible. [potion of mutation]
  1108 | D:3      | Gained mutation: You are robust. (+10% HP) [potion of
                  | mutation]
  1108 | D:3      | Gained mutation: Your movements are slightly less
                  | encumbered by armour. (ER -2) [potion of mutation]
  1108 | D:3      | Paralysed by Grinder for 2 turns
  1113 | D:3      | Killed from afar by Grinder

Illustrated notes

Levels and vault maps discovered:
D:1:      spicycebolla_arrival_clurvy, layout_rooms, minmay_pentomino_r2
D:2:      layout_rooms, hellmonk_ecumenical_altar_zigzags, serial_shops, shop,
          uniq_jessica
D:3:      layout_rooms, chequers_temple_overflow_statue_of_worship,
          grunt_ministairs_7, uniq_grinder, uniq_crazy_yiuf_cottage,
          uniq_terence

Skill      XL: |  1  2  3  4 |
---------------+-------------+-----
Shields        | 4 5 |  5.0
Dodging        | 2 4 |  4.3
Fighting       | |  3.6
Long Blades    | |  2.4
Armour         | |  3.6

Action                     |  1- 3 |  4- 6 || total
---------------------------+-------+-------++-------
  Melee: Long sword        |    66 |    24 ||    90
         Headbutt          |    11 |     5 ||    16
    Use: Scroll            |     4 |     4 ||     8
         Potion            |       |     3 ||     3
 Armour: Scale mail        |    27 |    28 ||    55
  Dodge: Dodged            |    47 |    23 ||    70
         Repelled          |     2 |       ||     2
  Block: Buckler           |    26 |    14 ||    40
